woodfighter, chaotic female giant Ranger --------------- ..............| |........<....| ------------- #............%.| |`.........`| #|............*| |.....`.....| ##..............- |...--.--...| ##--------------- |...|.{.|...|#### |..`|{.{|`...#### # |...|.{.|...|# a@####### |...-----....# ## |.....`.....| ###.`.........`| ------------- woodfighter the Ranger Experience level: 7 Strength: 22 Dexterity: 12 Constitution: 15 Intelligence: 14 Wisdom: 15 Charisma: 5 Health: 0(50) Energy: 29(29) Def: 18 Gold: 0 Moves: 7084 Dungeon seed [set]: Game ID: woodfighter_1678373002 Your Inventory: Weapons a - an uncursed +2 sling (weapon in hand) Armor g - a blessed +0 pair of high boots (being worn) N - an uncursed +2 dented pot (being worn) Y - an uncursed +1 large shield (being worn) Tools s - an uncursed bag of holding Gems e - 22 uncursed flints (in quiver) Boulders/Statues k - an uncursed boulder n - an uncursed boulder q - an uncursed boulder r - an uncursed boulder z - an uncursed boulder D - an uncursed boulder Contents of the bag of holding: 1172 gold pieces a [uncursed] [+0] arrow 57 [blessed] [+5] arrows a [uncursed] [+1] axe 8 [uncursed] [+0] elven arrows a [uncursed] [+0] Uruk-hai shield a [uncursed] [+0] Uruk-hai shield an uncursed +2 dented pot an uncursed +2 dented pot an uncursed +2 dented pot a [uncursed] [+0] dwarvish cloak a [uncursed] [+0] dwarvish cloak a [blessed] [+0] elven cloak a [uncursed] [+0] helm of brilliance a [uncursed] [+0] helmet a [uncursed] [+0] pair of gauntlets of dexterity an uncursed +0 pair of high boots an uncursed +0 pair of high boots a [blessed] [+1] pair of jumping boots 5 uncursed cram rations 2 [uncursed] food rations 2 [uncursed] sprigs of wolfsbane a [uncursed] tripe ration a [uncursed] scroll of confuse monster a [cursed] scroll of create monster a [blessed] scroll of destroy armor a [cursed] scroll of enchant armor a [uncursed] scroll of fire a [uncursed] scroll of identify a [blessed] scroll of light 2 [uncursed] scrolls of scare monster a [uncursed] scroll of scare monster a [uncursed] scroll of teleportation a [cursed] scroll of water a [uncursed] spellbook of detect unseen a [uncursed] spellbook of extra healing a [uncursed] spellbook of protection a [uncursed] spellbook of wizard lock a [uncursed] potion of acid a [uncursed] potion of blindness 3 [uncursed] potions of hallucination a [uncursed] potion of healing a [uncursed] potion of invisibility a [uncursed] potion of object detection a potion of unholy water a [uncursed] potion of water a [blessed] [+1] ring of increase accuracy a [uncursed] ring of see invisible a [uncursed] wand of create monster [0:13] a [uncursed] wand of digging [0:7] an uncursed wand of slow monster (0:3) a [uncursed] drum of earthquake [0:5] a [uncursed] magic whistle a [uncursed] sack a [uncursed] tallow candle [0:200] a [uncursed] wax candle [0:400] 2 [uncursed] emeralds 10 uncursed flints a [uncursed] worthless piece of green glass a [uncursed] worthless piece of orange glass Spells and supernatural/magical abilities: Name Level Category Fail Memory W - pray for help -- divine ? -- Your skills at the end: Miscellaneous Skills shield [Basic] wands [Basic] Weapon Skills two-handed sword [Basic] sling [Basic] Spellcasting Skills Final Attributes: You were devoutly aligned. You were poison resistant. You were telepathic. You had automatic searching. You had infravision. You were somewhat stealthy. You were lucky. You are dead. Vanquished creatures: a giant beetle an iron piercer a gnome king a housecat a blue jelly 2 bugbears an Uruk-hai a gnome lord a black naga hatchling a gray ooze a straw golem a puppy 2 floating eyes a kitten 2 dwarves 2 iguanas a hill orc a rothe a rabid rat 3 jitterbugs a monkey a coyote a gas spore a hobbit an acid blob a large kobold 4 geckos 5 hobgoblins a cave spider a brown mold a yellow mold a green mold 7 gnomes 7 garter snakes a gnome zombie 13 jackals 2 foxes 6 newts 3 goblins 18 grid bugs 2 bats 4 lichens a kobold zombie 109 creatures vanquished. Voluntary challenges: You did not adorn yourself with jewelry or accessories. You did not cause conflict. You were not invisible. You did not have reflection. You were not displaced. You were an atheist. You never hit with a wielded weapon. You did not apply a unicorn horn. You did not use plumbed fixtures. You did not drink any magical draughts. You were illiterate. You never genocided any monsters. You never polymorphed an object. You never changed form. You used no wishes. You did not use any artifacts. You never split a pudding. You never wrote Elbereth's name. You never violated your personal moral code. You enabled loading special bones files. Dungeon overview: The Dungeons of Doom: levels 1 to 8 Level 1 a vault, some fountains a long staircase Level 2 Level 3 (boxes) an armor shop, a fountain Level 4 (box + water) an armor shop, a fountain stairs to The Gnomish Mines Level 5 some fountains Level 6 Level 7 a vault, a sink, a throne Level 8 <- You were here many fountains The Gnomish Mines: Level 5 stairs to The Dungeons of Doom History has recorded: On T:1 you entered the Dungeons of Doom to retrieve the Amulet of Yendor! On T:608 you reached level 2 of The Dungeons of Doom. On T:922 you reached level 3 of The Dungeons of Doom. On T:1740 you advanced to experience level 2. On T:1781 you reached level 4 of The Dungeons of Doom. On T:2060 you advanced to experience level 3. On T:2881 you reached level 1 of The Gnomish Mines. On T:2923 you reached level 5 of The Dungeons of Doom. On T:3048 you advanced to experience level 4. On T:3826 you reached level 6 of The Dungeons of Doom. On T:3828 you advanced to experience level 5. On T:4733 you reached level 7 of The Dungeons of Doom. On T:5172 you advanced to experience level 6. On T:5914 you reached level 8 of The Dungeons of Doom. On T:6932 you advanced to experience level 7. Score breakdown: Gold: 1172 ( 117 points) Experience: 7 levels ( 600 points) Exploration: 8 levels ( 210 points) Discoveries: 41 items ( 2000 points) Variety of kills: 43 monsters ( 2000 points) Major goal: (nothing yet) ( 0 points) Survival: died (score multiplied by 3) Total score: 14781 Latest messages: The soldier ant stings! The flint hits the soldier ant. The soldier ant misses. (3x) The soldier ant stings! The soldier ant's sting was poisoned, but it doesn't affect you. The soldier ant just misses! The soldier ant misses. (2x) The soldier ant stings! The soldier ant bites! The soldier ant stings! The flint hits the soldier ant. The soldier ant misses. The soldier ant stings! The soldier ant's sting was poisoned, but it doesn't affect you. The soldier ant misses. The soldier ant stings! The soldier ant bites! The soldier ant misses. The flint hits the soldier ant. Your movements are now unencumbered. The soldier ant misses. The soldier ant stings! The soldier ant bites! You die... The sack is empty. The sack is empty. Final status: Goodbye woodfighter the Ranger, killed by a soldier ant... You died in The Dungeons of Doom on dungeon level 8 with 14781 points, and 1172 pieces of gold, after 7084 moves. You were level 7 with a maximum of 50 hit points when you died.